 Dungeon Crawl Stone Soup version 0.17.0-1-g61d176b (webtiles) character file.

422 septik the Stinger (level 6, -5/41 HPs)
             Began as a Mummy Wizard on Nov 7, 2015.
             Slain by an ice beast (6 damage)
             ... on level 4 of the Dungeon.
             The game lasted 00:33:36 (7340 turns).

septik the Stinger (Mummy Wizard)                   Turns: 7340, Time: 00:33:38

Health: -5/41      AC:  5    Str: 10    XL:     6   Next: 63%
Magic:  1/10       EV: 12    Int: 20    God:
Gold:   177        SH:  0    Dex: 10    Spells: 4 memorised, 2 levels left

rFire  x . .     SeeInvis .     h - +0 spear
rCold  + . .     Clarity  .     a - +0 robe
rNeg   + + +     SustAt   .     (no shield)
rPois  ∞         Gourm    .     m - +0 helmet
rElec  .         Spirit   .     r - +0 cloak
rCorr  .         Warding  .     f - +0 pair of gloves
rMut   .         Stasis   .     (no boots)
MR     .....                    (no amulet)
Stlth  ++........               (no ring)
                                (no ring)

@: very slightly contaminated, not resistant to hostile enchantments, unstealthy
A: no food or potions, fire vulnerability, cold resistance 1, negative energy
resistance 3, torment resistance, unbreathing
a: no special abilities


You were on level 4 of the Dungeon.
You were not hungry.

You visited 1 branch of the dungeon, and saw 4 of its levels.

You collected 177 gold pieces.

Inventory:

Hand Weapons
 e - a +0 club
 h - a +0 spear (weapon)
 k - a +0 hunting sling
 s - a +0 blowgun
 u - a +0 hunting sling
Missiles
 g - 85 stones (quivered)
 p - 86 sling bullets
 t - 12 poisoned needles
Armour
 a - a +0 robe (worn)
 b - a +0 hat
 f - a +0 pair of gloves (worn)
 m - a +0 helmet (worn)
 r - a +0 cloak (worn)
Jewellery
 x - an uncursed ring of teleportation
Wands
 l - a wand of digging (18)
 n - a wand of draining (6)
 o - a wand of polymorph (15)
 w - a wand of flame (7)
Scrolls
 i - a scroll of teleportation {unknown}
 q - 3 scrolls of remove curse
 v - a scroll of recharging {unknown}
Books
 c - a book of Minor Magic

   Spells                             Type                      Level
   a - Magic Dart                     Conjuration                  1
   b - Blink                          Translocation                2
   c - Call Imp                       Summoning                    2
   d - Repel Missiles                 Charms/Air                   2
   e - Slow                           Hexes                        2
   f - Conjure Flame                  Conjuration/Fire             3
   g - Mephitic Cloud                 Conjuration/Poison/Air       3


   Skills:
 - Level 1.5 Dodging
 - Level 1.5 Stealth
 - Level 3.0 Spellcasting
 + Level 2.6 Conjurations
 - Level 0.7 Summonings
   Level 0.7 Translocations
 + Level 3.1 Air Magic
 + Level 3.4 Poison Magic


You had 2 spell levels left.
You knew the following spells:

 Your Spells              Type           Power        Failure   Level  Hunger
a - Magic Dart            Conj           ##..         6%          1    N/A
b - Call Imp              Summ           #.......     21%         2    N/A
c - Mephitic Cloud        Conj/Pois/Air  ###.....     14%         3    N/A
d - Conjure Flame         Conj/Fire      #.......     24%         3    N/A

Dungeon Overview and Level Annotations

Branches:
Dungeon (4/15)
 Temple: D:4-7

Altars:
Nemelex Xobeh
Ru
The Shining One

Annotations:
D:2 Terence
D:3 exclusion: player ghost, st0uf's ghost, amateur MiBe


Innate Abilities, Weirdness & Mutations

You do not eat or drink.
Your flesh is vulnerable to fire.
You are immune to poison.
Your flesh is cold resistant.
You are immune to negative energy.
You are immune to unholy pain and torment.
You can survive without breathing.


Message History

The iguana is engulfed in noxious fumes.
The iguana appears confused.
There is an open door here.
You open the door. The ice beast hits you.
* * * LOW HITPOINT WARNING * * *
The ice beast freezes you. You resist.
* * * LOW HITPOINT WARNING * * *
There is an open door here.
Casting: Mephitic Cloud
Confirm with . or Enter, or press ? or * to list all spells.
You miscast Call Imp.
You are very lightly contaminated with residual magic.
Your brain hurts!
The ice beast closely misses you.
Casting: Call Imp
Confirm with . or Enter, or press ? or * to list all spells.
A beastly little devil appears in a puff of flame.
The ice beast hits you.
* * * LOW HITPOINT WARNING * * *
The ice beast freezes you. You resist.
You die...

#?# #.# #.# #.# ...# #.#
#.# ...# #.# #.# ...#
#.#
#.###################
...# #.#
#...................#
...#####.#
###################.#
......).>####...########
#.#
............'.5Y@.......
#.#
.......l.####...########
#.# ..####......+...+
#.# ..# #...####...# #.#
+## #.#........# #.#
#.#(...<...+ #.#
..#.####...# #.# ##....
..... #.# #.# . #.#


You could see an ice beast and a friendly crimson imp.

Vanquished Creatures
  Sigmund (D:3)
  A hound (D:4)
  An iguana (D:4)
  An orc wizard (D:3)
  Robin (D:2)
  3 adders
  A worm (D:2)
  2 giant geckos
  4 orcs
  A ball python (D:3)
  12 hobgoblins
  9 jackals
  A quokka (D:2)
  5 bats
  3 giant cockroaches
  7 giant newts
  7 goblins
  8 kobolds
  4 rats
72 creatures vanquished.

Vanquished Creatures (collateral kills)
  A scorpion (D:4)
  An orc priest (D:3)
  3 adders
  A giant cockroach (D:3)
  A hobgoblin (D:2)
  2 jackals (D:2)
  2 goblins (D:2)
  A kobold (D:2)
  A rat (D:3)
13 creatures vanquished.

Grand Total: 85 creatures vanquished

Notes
Turn   | Place    | Note
--------------------------------------------------------------
     0 | D:1      | septik the Mummy Wizard began the quest for the Orb.
     0 | D:1      | Reached XP level 1. HP: 13/13 MP: 4/4
   122 | D:1      | Reached skill level 1 in Conjurations
   645 | D:1      | Reached XP level 2. HP: 19/19 MP: 6/6
   649 | D:1      | Learned a level 2 spell: Call Imp
  1372 | D:2      | Reached XP level 3. HP: 17/24 MP: 2/7
  1379 | D:1      | Learned a level 3 spell: Mephitic Cloud
  1457 | D:2      | Noticed Terence
  2089 | D:2      | Noticed Robin
  2114 | D:2      | Reached skill level 1 in Air Magic
  2397 | D:2      | Reached skill level 1 in Poison Magic
  2401 | D:2      | Killed Robin
  2401 | D:2      | Reached XP level 4. HP: 23/30 MP: 2/8
  2575 | D:2      | Found a glowing golden altar of the Shining One.
  3114 | D:3      | Noticed st0uf's ghost (amateur MiBe)
  3414 | D:3      | Found a sacrificial altar of Ru.
  4493 | D:2      | Learned a level 3 spell: Conjure Flame
  4994 | D:3      | Noticed Sigmund
  5456 | D:3      | Killed Sigmund
  5456 | D:3      | Reached XP level 5. HP: 10/35 MP: 3/9
  5456 | D:3      | Reached XP level 6. HP: 11/41 MP: 3/10
  6455 | D:4      | Found a sparkling altar of Nemelex Xobeh.
  7340 | D:4      | HP: 1/41 [ice beast (2)]
  7340 | D:4      | Slain by an ice beast

Action                   |  1- 3 |  4- 6 || total
-------------------------+-------+-------++-------
Melee: Club              |    19 |    18 ||    37
       Spear             |    70 |    57 ||   127
 Fire: Blowgun           |       |    58 ||    58
Throw: Stone             |    24 |     3 ||    27
 Cast: Magic Dart        |    49 |    54 ||   103
       Call Imp          |    10 |    44 ||    54
       Mephitic Cloud    |       |     3 ||     3
       Conjure Flame     |       |     3 ||     3
  Use: Scroll            |       |     3 ||     3
 Stab: Sleeping          |       |     3 ||     3
       Betrayed ally     |       |     1 ||     1
       Distracted        |       |     1 ||     1
       Confused          |       |     1 ||     1
